[ AOE2 MATCH · #478272011 ]
UnrankedBerbers vs Shu
[ REPLAY ANALYSIS · EXTRACTED FROM THE RECORDED GAME ]
Feudal
10:57
Castle
14:40
Imperial
27:54
| APM avg | 60.7 |
| APM peak | 94 |
| eAPM avg | 43.0 |
| Villagers / military | 222 / 508 |
Focus
⚔️ 60.4% · 🌾 39.6%
Camel Archer ×467 · Trade Cart ×70 · Scout Cavalry ×25 · Trebuchet (Packed) ×10 · Monk ×2 · Genitour ×2
Feudal
11:49
Castle
15:20
Imperial
28:01
| APM avg | 38.2 |
| APM peak | 104 |
| eAPM avg | 26.3 |
| Villagers / military | 178 / 445 |
Focus
⚔️ 40.8% · 🌾 59.2%
Spearman ×371 · Unknown (1959) ×162 · Mangonel ×67 · Trade Cart ×54 · Unknown (1942) ×39 · Unknown (1962) ×7
Feudal
11:31
Castle
14:13
Imperial
27:33
| APM avg | 43.4 |
| APM peak | 89 |
| eAPM avg | 28.3 |
| Villagers / military | 187 / 373 |
Focus
⚔️ 42.1% · 🌾 57.9%
Ballista Elephant ×195 · Scout Cavalry ×124 · Trade Cart ×59 · Trebuchet (Packed) ×29 · Spearman ×25
Feudal
10:59
Castle
15:07
Imperial
26:58
| APM avg | 50.0 |
| APM peak | 109 |
| eAPM avg | 26.5 |
| Villagers / military | 223 / 218 |
Focus
⚔️ 45.9% · 🌾 54.1%
Skirmisher ×218 · Unknown (1949) ×104 · Trade Cart ×48 · Unknown (1942) ×39
Feudal
8:58
Castle
23:02
Imperial
36:40
| APM avg | 59.4 |
| APM peak | 102 |
| eAPM avg | 30.7 |
| Villagers / military | 178 / 410 |
Focus
⚔️ 49.5% · 🌾 50.5%
Spearman ×202 · Plumed Archer ×104 · Eagle Scout ×73 · Trade Cart ×69 · Battering Ram ×25 · Trebuchet (Packed) ×6
Feudal
10:32
Castle
15:37
Imperial
38:25
| APM avg | 43.2 |
| APM peak | 90 |
| eAPM avg | 26.1 |
| Villagers / military | 189 / 273 |
Focus
⚔️ 40.1% · 🌾 59.9%
Scout Cavalry ×154 · Knight ×107 · Trade Cart ×20 · Throwing Axeman ×7 · Trebuchet (Packed) ×3 · Petard ×2
Feudal
10:44
Castle
14:42
Imperial
26:55
| APM avg | 45.7 |
| APM peak | 76 |
| eAPM avg | 31.5 |
| Villagers / military | 199 / 1307 |
Focus
⚔️ 53.9% · 🌾 46.1%
Spearman ×1240 · Battering Ram ×49 · Bombard Cannon ×10 · Trade Cart ×6 · Militia ×5 · Monk ×1
Feudal
11:46
Castle
15:19
Imperial
27:53
| APM avg | 68.8 |
| APM peak | 129 |
| eAPM avg | 46.7 |
| Villagers / military | 215 / 793 |
Focus
⚔️ 57.9% · 🌾 42.1%
Scout Cavalry ×392 · Monaspa ×310 · Scorpion ×63 · Trade Cart ×60 · Battering Ram ×20 · Trebuchet (Packed) ×7
Match map
Initial resources + every placement click. Lines = walls · curves = elevation contours. ◆ gold · ⬟ stone · ● berries · ✦ relic · ◌ wall gap
Your base· ✓ Closed at 14:40 · 0t walls · 3 gate(s)
DanMT's base· ✓ Closed at 15:20 · 0t walls · 6 gate(s)
DGHIR | Anakin's base· ✓ Closed at 14:13 · 0t walls · 3 gate(s)
Aten's base· ✓ Closed at 15:07 · 0t walls · 2 gate(s)
DGHIR | chanchilaru's base· ✓ Closed at 23:02 · 33t walls · 3 gate(s)
theMole's base· ✓ Closed at 15:37 · 22t walls · 3 gate(s)
knightthrower's base· ✓ Closed at 14:42 · 13t walls · 3 gate(s)
Koala's base· ✓ Closed at 15:19 · 0t walls · 2 gate(s)
Smoothed initial terrain · ◌ = detected wall gap · hover for details
Inputs per minute
— DGHIR | Prato - - DanMT
Build order — DGHIR | Prato
First 150 of 1049 actions detected
| 0:01 | Create | Villager (Male) |
| 0:02 | Create | Villager (Male) |
| 0:02 | Create | Villager (Male) |
| 0:03 | Build | House |
| 0:04 | Build | House |
| 0:09 | Create | Villager (Male) |
| 0:09 | Create | Villager (Male) |
| 1:25 | Create | Villager (Male) |
| 1:26 | Create | Villager (Male) |
| 1:48 | Build | Lumber Camp |
| 1:56 | Create | Villager (Male) |
| 1:57 | Create | Villager (Male) |
| 2:26 | Create | Villager (Male) |
| 2:26 | Create | Villager (Male) |
| 2:44 | Create | Villager (Male) |
| 2:44 | Create | Villager (Male) |
| 3:03 | Create | Villager (Male) |
| 3:04 | Create | Villager (Male) |
| 3:29 | Create | Villager (Male) |
| 3:29 | Create | Villager (Male) |
| 3:55 | Create | Villager (Male) |
| 3:59 | Build | House |
| 4:09 | Build | House |
| 4:19 | Create | Villager (Male) |
| 4:36 | Create | Villager (Male) |
| 4:36 | Create | Villager (Male) |
| 4:38 | Build | House |
| 4:41 | Build | Mill |
| 4:50 | Create | Villager (Male) |
| 4:50 | Create | Villager (Male) |
| 5:06 | Create | Villager (Male) |
| 5:38 | Create | Villager (Male) |
| 5:39 | Create | Villager (Male) |
| 5:52 | Create | Villager (Male) |
| 5:52 | Create | Villager (Male) |
| 6:10 | Create | Villager (Male) |
| 6:10 | Create | Villager (Male) |
| 6:10 | Create | Villager (Male) |
| 6:19 | Build | Farm |
| 6:46 | Build | Farm |
| 6:57 | Create | Villager (Male) |
| 6:57 | Create | Villager (Male) |
| 7:33 | Create | Villager (Male) |
| 7:46 | Create | Villager (Male) |
| 8:22 | Build | Farm |
| 8:33 | Build | Mining Camp |
| 8:40 | Research | Feudal Age |
| 9:38 | Create | Villager (Male) |
| 9:38 | Create | Villager (Male) |
| 10:57 | Age | Feudal Age |
| 10:59 | Build | Market |
| 11:01 | Build | Blacksmith |
| 12:00 | Research | Castle Age |
| 12:09 | Research | Double-Bit Axe |
| 12:34 | Research | Horse Collar |
| 13:02 | Build | Farm |
| 13:06 | Build | House |
| 13:08 | Create | Villager (Male) |
| 13:24 | Create | Villager (Male) |
| 13:49 | Build | Farm |
| 14:07 | Build | House |
| 14:40 | Age | Castle Age |
| 14:44 | Build | Town Center |
| 14:46 | Research | Bow Saw |
| 14:48 | Create | Villager (Male) |
| 14:51 | Build | Town Center |
| 15:03 | Create | Villager (Male) |
| 15:08 | Create | Villager (Male) |
| 15:11 | Build | Farm |
| 15:31 | Create | Villager (Male) |
| 15:38 | Build | Farm |
| 15:45 | Create | Villager (Male) |
| 15:46 | Build | Farm |
| 15:50 | Create | Villager (Male) |
| 15:57 | Create | Villager (Male) |
| 16:06 | Build | Monastery |
| 16:08 | Create | Villager (Male) |
| 16:09 | Create | Villager (Male) |
| 16:09 | Create | Villager (Male) |
| 16:19 | Create | Villager (Male) |
| 16:19 | Create | Villager (Male) |
| 16:23 | Create | Villager (Male) |
| 16:26 | Build | Farm |
| 16:31 | Create | Villager (Male) |
| 16:31 | Create | Villager (Male) |
| 16:32 | Create | Villager (Male) |
| 16:32 | Create | Villager (Male) |
| 16:32 | Create | Villager (Male) |
| 16:35 | Build | Farm |
| 16:35 | Build | Farm |
| 16:40 | Create | Villager (Male) |
| 16:40 | Create | Villager (Male) |
| 16:50 | Build | Farm |
| 16:51 | Create | Monk |
| 16:57 | Build | House |
| 16:58 | Create | Villager (Male) |
| 17:03 | Build | Farm |
| 17:06 | Build | Farm |
| 17:11 | Create | Villager (Male) |
| 17:11 | Create | Villager (Male) |
| 17:13 | Build | Farm |
| 17:20 | Build | Farm |
| 17:27 | Build | Farm |
| 17:28 | Create | Villager (Male) |
| 17:29 | Create | Villager (Male) |
| 17:35 | Build | House |
| 17:37 | Create | Villager (Male) |
| 17:39 | Build | Farm |
| 17:45 | Build | Farm |
| 17:49 | Build | Farm |
| 17:51 | Create | Villager (Male) |
| 17:51 | Create | Villager (Male) |
| 17:57 | Build | Farm |
| 18:09 | Build | Farm |
| 18:10 | Build | Farm |
| 18:11 | Create | Villager (Male) |
| 18:12 | Create | Villager (Male) |
| 18:12 | Create | Villager (Male) |
| 18:19 | Build | Farm |
| 18:20 | Create | Villager (Male) |
| 18:21 | Create | Villager (Male) |
| 18:24 | Create | Villager (Male) |
| 18:25 | Create | Villager (Male) |
| 18:31 | Build | Farm |
| 18:33 | Build | Farm |
| 18:43 | Create | Villager (Male) |
| 18:43 | Create | Villager (Male) |
| 18:43 | Create | Villager (Male) |
| 18:48 | Create | Villager (Male) |
| 18:48 | Create | Villager (Male) |
| 18:50 | Build | Farm |
| 18:52 | Build | Farm |
| 19:05 | Create | Villager (Male) |
| 19:06 | Create | Villager (Male) |
| 19:06 | Create | Villager (Male) |
| 19:06 | Create | Villager (Male) |
| 19:08 | Build | Farm |
| 19:09 | Build | Farm |
| 19:15 | Build | Mining Camp |
| 19:18 | Create | Villager (Male) |
| 19:18 | Create | Villager (Male) |
| 19:22 | Build | Farm |
| 19:30 | Research | Wheelbarrow |
| 19:30 | Research | Wheelbarrow |
| 19:34 | Create | Villager (Male) |
| 19:34 | Create | Villager (Male) |
| 19:40 | Create | Villager (Male) |
| 19:40 | Create | Villager (Male) |
| 19:41 | Create | Villager (Male) |
| 19:44 | Build | Lumber Camp |
Build order — DanMT
First 150 of 735 actions detected
| 0:01 | Create | Villager (Male) |
| 0:01 | Build | House |
| 0:02 | Build | House |
| 0:09 | Create | Villager (Male) |
| 0:09 | Create | Villager (Male) |
| 0:09 | Create | Villager (Male) |
| 1:31 | Build | Palisade Gate |
| 1:43 | Build | Palisade Gate |
| 1:43 | Create | Villager (Male) |
| 1:47 | Build | Palisade Gate |
| 1:52 | Build | Palisade Gate |
| 2:03 | Build | Palisade Gate |
| 2:05 | Create | Villager (Male) |
| 2:19 | Create | Villager (Male) |
| 2:47 | Create | Villager (Male) |
| 3:04 | Create | Villager (Male) |
| 3:26 | Build | House |
| 3:34 | Create | Villager (Male) |
| 3:53 | Create | Villager (Male) |
| 4:03 | Create | Villager (Male) |
| 4:12 | Create | Villager (Male) |
| 4:49 | Create | Villager (Male) |
| 4:55 | Build | Lumber Camp |
| 5:31 | Create | Villager (Male) |
| 5:47 | Create | Villager (Male) |
| 5:51 | Create | Villager (Male) |
| 5:53 | Build | House |
| 6:08 | Create | Villager (Male) |
| 6:30 | Create | Villager (Male) |
| 6:31 | Build | Mill |
| 6:35 | Create | Villager (Male) |
| 7:10 | Create | Villager (Male) |
| 7:25 | Build | Farm |
| 7:26 | Build | House |
| 7:27 | Build | House |
| 7:45 | Create | Villager (Male) |
| 8:08 | Build | Mining Camp |
| 8:25 | Create | Villager (Male) |
| 8:55 | Build | Farm |
| 8:57 | Build | Farm |
| 9:04 | Build | Farm |
| 9:24 | Research | Feudal Age |
| 10:06 | Create | Villager (Male) |
| 10:07 | Create | Villager (Male) |
| 11:49 | Age | Feudal Age |
| 11:57 | Build | Market |
| 12:01 | Build | Blacksmith |
| 12:40 | Research | Castle Age |
| 12:48 | Build | Farm |
| 12:48 | Research | Double-Bit Axe |
| 13:13 | Research | Horse Collar |
| 13:16 | Build | Farm |
| 13:29 | Build | Farm |
| 14:06 | Create | Villager (Male) |
| 15:20 | Age | Castle Age |
| 15:22 | Build | Town Center |
| 15:23 | Create | Villager (Male) |
| 15:28 | Build | Town Center |
| 15:30 | Build | Monastery |
| 15:32 | Research | Bow Saw |
| 15:50 | Create | Villager (Male) |
| 16:11 | Create | Monk |
| 16:33 | Create | Villager (Male) |
| 16:35 | Build | House |
| 16:49 | Create | Villager (Male) |
| 16:51 | Create | Villager (Male) |
| 17:01 | Create | Villager (Male) |
| 17:03 | Build | Farm |
| 17:04 | Build | Farm |
| 17:04 | Build | Farm |
| 17:05 | Build | Farm |
| 17:08 | Create | Villager (Male) |
| 17:10 | Create | Villager (Male) |
| 17:12 | Create | Monk |
| 17:27 | Create | Villager (Male) |
| 17:28 | Build | Farm |
| 17:29 | Build | Farm |
| 17:30 | Build | Farm |
| 17:31 | Build | Farm |
| 17:33 | Research | Heavy Plow |
| 17:33 | Create | Villager (Male) |
| 17:52 | Create | Villager (Male) |
| 17:53 | Create | Villager (Male) |
| 18:01 | Create | Villager (Male) |
| 18:02 | Create | Villager (Male) |
| 18:02 | Create | Villager (Male) |
| 18:23 | Create | Villager (Male) |
| 18:28 | Create | Villager (Male) |
| 18:30 | Build | Town Center |
| 18:35 | Create | Villager (Male) |
| 18:42 | Create | Villager (Male) |
| 18:51 | Create | Villager (Male) |
| 18:59 | Build | House |
| 19:03 | Build | Farm |
| 19:05 | Build | Farm |
| 19:09 | Create | Villager (Male) |
| 19:11 | Research | Loom |
| 19:11 | Research | Town Watch |
| 19:13 | Build | House |
| 19:14 | Build | House |
| 19:25 | Create | Villager (Male) |
| 19:28 | Build | Farm |
| 19:28 | Create | Villager (Male) |
| 19:31 | Build | Farm |
| 19:32 | Build | Farm |
| 19:37 | Create | Villager (Male) |
| 19:48 | Build | House |
| 19:49 | Build | House |
| 19:52 | Build | Farm |
| 19:53 | Build | Farm |
| 19:55 | Build | Farm |
| 20:01 | Create | Villager (Male) |
| 20:09 | Create | Villager (Male) |
| 20:10 | Create | Villager (Male) |
| 20:12 | Build | Farm |
| 20:13 | Build | Farm |
| 20:15 | Build | Farm |
| 20:16 | Build | Farm |
| 20:18 | Create | Villager (Male) |
| 20:20 | Build | House |
| 20:23 | Build | House |
| 20:26 | Create | Villager (Male) |
| 20:39 | Create | Villager (Male) |
| 20:42 | Create | Villager (Male) |
| 20:44 | Create | Villager (Male) |
| 20:47 | Build | Farm |
| 20:48 | Build | Farm |
| 20:49 | Build | Farm |
| 20:49 | Build | Farm |
| 20:51 | Create | Villager (Male) |
| 20:53 | Create | Villager (Male) |
| 20:58 | Build | House |
| 20:59 | Build | House |
| 21:03 | Create | Villager (Male) |
| 21:04 | Create | Villager (Male) |
| 21:10 | Create | Villager (Male) |
| 21:12 | Create | Villager (Male) |
| 21:24 | Create | Villager (Male) |
| 21:29 | Research | Wheelbarrow |
| 21:37 | Create | Villager (Male) |
| 21:40 | Create | Villager (Male) |
| 21:42 | Build | Farm |
| 21:43 | Build | Farm |
| 21:44 | Build | Farm |
| 21:45 | Create | Villager (Male) |
| 21:46 | Build | Farm |
| 21:49 | Build | Farm |
| 21:50 | Create | Villager (Male) |
| 21:55 | Build | Farm |
| 21:56 | Build | Farm |
Build order — DGHIR | Anakin
First 150 of 606 actions detected
| 0:00 | Create | Villager (Male) |
| 0:01 | Create | Villager (Male) |
| 0:01 | Create | Villager (Male) |
| 0:03 | Build | House |
| 0:09 | Build | House |
| 0:17 | Create | Villager (Male) |
| 1:29 | Create | Villager (Male) |
| 1:48 | Build | Lumber Camp |
| 1:58 | Create | Villager (Male) |
| 2:21 | Create | Villager (Male) |
| 2:47 | Create | Villager (Male) |
| 3:07 | Create | Villager (Male) |
| 3:40 | Create | Villager (Male) |
| 3:40 | Create | Villager (Male) |
| 3:57 | Build | House |
| 3:59 | Build | House |
| 4:01 | Build | House |
| 4:04 | Create | Villager (Male) |
| 4:20 | Build | Mill |
| 4:28 | Create | Villager (Male) |
| 4:29 | Create | Villager (Male) |
| 4:52 | Create | Villager (Male) |
| 4:53 | Create | Villager (Male) |
| 5:11 | Create | Villager (Male) |
| 5:42 | Build | Farm |
| 5:44 | Build | Farm |
| 6:01 | Create | Villager (Male) |
| 6:12 | Create | Villager (Male) |
| 6:21 | Create | Villager (Male) |
| 6:29 | Build | Farm |
| 6:46 | Create | Villager (Male) |
| 7:17 | Create | Villager (Male) |
| 7:56 | Create | Villager (Male) |
| 8:12 | Build | Farm |
| 8:17 | Create | Villager (Male) |
| 8:17 | Create | Villager (Male) |
| 8:20 | Research | Feudal Age |
| 8:42 | Build | Mining Camp |
| 8:52 | Build | Farm |
| 10:54 | Build | Farm |
| 11:31 | Age | Feudal Age |
| 11:33 | Research | Castle Age |
| 11:33 | Research | Castle Age |
| 11:36 | Research | Double-Bit Axe |
| 11:36 | Research | Double-Bit Axe |
| 12:09 | Research | Horse Collar |
| 12:09 | Research | Horse Collar |
| 13:31 | Create | Villager (Male) |
| 14:13 | Age | Castle Age |
| 14:16 | Build | Town Center |
| 14:18 | Research | Bow Saw |
| 14:19 | Research | Heavy Plow |
| 14:19 | Research | Heavy Plow |
| 14:25 | Build | Town Center |
| 14:38 | Create | Villager (Male) |
| 14:58 | Build | Town Center |
| 15:07 | Create | Villager (Male) |
| 15:07 | Create | Villager (Male) |
| 15:11 | Build | Farm |
| 15:38 | Build | Farm |
| 15:42 | Create | Villager (Male) |
| 15:42 | Create | Villager (Male) |
| 15:48 | Create | Villager (Male) |
| 15:49 | Create | Villager (Male) |
| 15:51 | Build | Farm |
| 16:08 | Create | Villager (Male) |
| 16:08 | Create | Villager (Male) |
| 16:15 | Build | Farm |
| 16:21 | Build | Farm |
| 16:21 | Create | Villager (Male) |
| 16:21 | Create | Villager (Male) |
| 16:32 | Build | Farm |
| 16:36 | Create | Villager (Male) |
| 16:36 | Create | Villager (Male) |
| 16:39 | Build | Farm |
| 16:43 | Create | Villager (Male) |
| 16:43 | Create | Villager (Male) |
| 16:48 | Create | Villager (Male) |
| 16:51 | Build | Farm |
| 16:57 | Build | Farm |
| 16:59 | Create | Villager (Male) |
| 17:00 | Create | Villager (Male) |
| 17:05 | Build | Farm |
| 17:14 | Create | Villager (Male) |
| 17:14 | Create | Villager (Male) |
| 17:17 | Build | Farm |
| 17:20 | Create | Villager (Male) |
| 17:27 | Build | Farm |
| 17:31 | Build | Farm |
| 17:33 | Create | Villager (Male) |
| 17:38 | Create | Villager (Male) |
| 17:44 | Build | Farm |
| 17:45 | Create | Villager (Male) |
| 17:50 | Build | House |
| 17:51 | Build | House |
| 17:53 | Create | Villager (Male) |
| 18:00 | Build | Farm |
| 18:01 | Create | Villager (Male) |
| 18:02 | Create | Villager (Male) |
| 18:07 | Build | Farm |
| 18:07 | Create | Villager (Male) |
| 18:14 | Build | Farm |
| 18:15 | Create | Villager (Male) |
| 18:23 | Create | Villager (Male) |
| 18:29 | Build | Farm |
| 18:30 | Build | Farm |
| 18:32 | Create | Villager (Male) |
| 18:32 | Create | Villager (Male) |
| 18:39 | Build | Farm |
| 18:40 | Create | Villager (Male) |
| 18:40 | Create | Villager (Male) |
| 18:42 | Create | Villager (Male) |
| 18:42 | Create | Villager (Male) |
| 18:46 | Build | Farm |
| 18:48 | Create | Villager (Male) |
| 18:51 | Build | House |
| 18:52 | Build | House |
| 18:55 | Create | Villager (Male) |
| 19:01 | Create | Villager (Male) |
| 19:03 | Build | House |
| 19:04 | Build | House |
| 19:07 | Create | Villager (Male) |
| 19:07 | Create | Villager (Male) |
| 19:08 | Create | Villager (Male) |
| 19:10 | Build | House |
| 19:10 | Build | House |
| 19:11 | Build | House |
| 19:12 | Create | Villager (Male) |
| 19:12 | Create | Villager (Male) |
| 19:15 | Build | Farm |
| 19:22 | Create | Villager (Male) |
| 19:23 | Create | Villager (Male) |
| 19:24 | Build | Farm |
| 19:28 | Create | Villager (Male) |
| 19:36 | Build | Lumber Camp |
| 19:40 | Create | Villager (Male) |
| 19:41 | Create | Villager (Male) |
| 19:41 | Create | Villager (Male) |
| 19:46 | Create | Villager (Male) |
| 19:49 | Build | Farm |
| 19:50 | Build | Farm |
| 19:53 | Create | Villager (Male) |
| 20:03 | Research | Wheelbarrow |
| 20:04 | Create | Villager (Male) |
| 20:04 | Create | Villager (Male) |
| 20:07 | Build | Farm |
| 20:10 | Build | Farm |
| 20:10 | Create | Villager (Male) |
| 20:15 | Create | Villager (Male) |
| 20:15 | Create | Villager (Male) |
Build order — Aten
First 150 of 668 actions detected
| 0:02 | Create | Villager (Male) |
| 0:03 | Create | Villager (Male) |
| 0:03 | Create | Villager (Male) |
| 0:04 | Build | House |
| 0:05 | Build | House |
| 0:23 | Create | Villager (Male) |
| 1:29 | Create | Villager (Male) |
| 1:59 | Build | Lumber Camp |
| 2:02 | Create | Villager (Male) |
| 2:02 | Create | Villager (Male) |
| 2:20 | Create | Villager (Male) |
| 2:58 | Create | Villager (Male) |
| 3:04 | Create | Villager (Male) |
| 3:04 | Create | Villager (Male) |
| 3:32 | Create | Villager (Male) |
| 3:32 | Create | Villager (Male) |
| 3:44 | Create | Villager (Male) |
| 3:44 | Create | Villager (Male) |
| 3:53 | Build | House |
| 3:54 | Build | House |
| 3:54 | Build | House |
| 4:06 | Create | Villager (Male) |
| 4:06 | Create | Villager (Male) |
| 4:28 | Create | Villager (Male) |
| 4:51 | Build | Mill |
| 5:29 | Create | Villager (Male) |
| 5:52 | Create | Villager (Male) |
| 6:11 | Create | Villager (Male) |
| 6:13 | Create | Villager (Male) |
| 6:13 | Create | Villager (Male) |
| 6:24 | Create | Villager (Male) |
| 6:27 | Build | Mill |
| 7:32 | Create | Villager (Male) |
| 7:32 | Create | Villager (Male) |
| 7:42 | Build | Farm |
| 8:49 | Research | Feudal Age |
| 8:49 | Research | Feudal Age |
| 8:51 | Build | Mining Camp |
| 9:59 | Create | Villager (Male) |
| 9:59 | Create | Villager (Male) |
| 10:59 | Age | Feudal Age |
| 11:02 | Build | Market |
| 11:04 | Build | Blacksmith |
| 11:24 | Build | Farm |
| 11:26 | Build | Farm |
| 11:27 | Build | Farm |
| 11:58 | Create | Villager (Male) |
| 12:02 | Build | Farm |
| 12:12 | Build | Farm |
| 12:27 | Research | Castle Age |
| 12:31 | Build | Farm |
| 13:19 | Build | House |
| 13:24 | Research | Horse Collar |
| 13:34 | Research | Double-Bit Axe |
| 13:38 | Build | House |
| 13:55 | Build | Farm |
| 13:57 | Build | Farm |
| 14:57 | Create | Villager (Male) |
| 15:04 | Create | Villager (Male) |
| 15:07 | Age | Castle Age |
| 15:11 | Build | Town Center |
| 15:16 | Research | Bow Saw |
| 15:17 | Create | Villager (Male) |
| 15:27 | Research | Heavy Plow |
| 15:32 | Build | Town Center |
| 15:34 | Create | Villager (Male) |
| 15:45 | Create | Villager (Male) |
| 16:01 | Build | Farm |
| 16:04 | Create | Villager (Male) |
| 16:24 | Create | Villager (Male) |
| 16:27 | Build | Farm |
| 16:31 | Create | Villager (Male) |
| 16:31 | Create | Villager (Male) |
| 16:37 | Build | Farm |
| 16:43 | Create | Villager (Male) |
| 16:44 | Create | Villager (Male) |
| 16:45 | Create | Villager (Male) |
| 16:49 | Create | Villager (Male) |
| 16:51 | Build | Farm |
| 17:14 | Create | Villager (Male) ×2 |
| 17:18 | Build | Farm |
| 17:20 | Build | Farm |
| 17:22 | Build | Farm |
| 17:25 | Create | Villager (Male) |
| 17:30 | Create | Villager (Male) |
| 17:30 | Create | Villager (Male) |
| 17:36 | Build | House |
| 17:40 | Create | Villager (Male) |
| 17:44 | Build | Farm |
| 17:46 | Build | Farm |
| 17:59 | Research | Heavy Plow |
| 18:07 | Build | Mining Camp |
| 18:09 | Create | Villager (Male) |
| 18:16 | Build | House |
| 18:17 | Create | Villager (Male) |
| 18:20 | Build | Farm |
| 18:25 | Build | Farm |
| 18:27 | Create | Villager (Male) |
| 18:35 | Create | Villager (Male) |
| 18:45 | Build | Farm |
| 18:48 | Build | Farm |
| 18:50 | Create | Villager (Male) |
| 18:50 | Create | Villager (Male) |
| 18:53 | Build | House |
| 18:54 | Create | Villager (Male) |
| 18:54 | Create | Villager (Male) |
| 18:58 | Create | Villager (Male) |
| 19:02 | Build | Farm |
| 19:09 | Build | Outpost |
| 19:12 | Create | Villager (Male) |
| 19:19 | Build | Farm |
| 19:21 | Build | Farm |
| 19:23 | Build | Farm |
| 19:30 | Research | Wheelbarrow |
| 19:32 | Create | Villager (Male) |
| 19:32 | Create | Villager (Male) |
| 19:33 | Create | Villager (Male) |
| 19:35 | Build | Farm |
| 19:38 | Build | House |
| 19:45 | Build | Farm |
| 19:48 | Create | Villager (Male) |
| 19:51 | Build | Farm |
| 19:53 | Create | Villager (Male) |
| 20:03 | Create | Villager (Male) |
| 20:16 | Build | Monastery |
| 20:18 | Create | Villager (Male) ×3 |
| 20:24 | Build | Farm |
| 20:34 | Build | Farm |
| 20:45 | Build | Farm |
| 20:58 | Research | Hand Cart |
| 21:00 | Create | Villager (Male) |
| 21:00 | Create | Villager (Male) |
| 21:05 | Build | House |
| 21:06 | Create | Villager (Male) ×2 |
| 21:07 | Create | Villager (Male) ×2 |
| 21:10 | Create | Villager (Male) |
| 21:15 | Create | Villager (Male) |
| 21:22 | Build | Farm |
| 21:40 | Build | University |
| 21:46 | Create | Villager (Male) ×5 |
| 21:52 | Build | Farm |
| 21:54 | Build | Farm |
| 22:07 | Build | House |
| 22:22 | Research | Loom |
| 22:22 | Research | Town Watch |
| 22:31 | Build | Farm |
| 22:39 | Build | Mill |
| 22:40 | Build | Farm |
| 22:40 | Build | Farm |
| 22:40 | Build | Farm |
Build order — DGHIR | chanchilaru
First 150 of 656 actions detected
| 0:00 | Research | Loom |
| 0:03 | Build | House |
| 0:04 | Build | House |
| 0:23 | Create | Villager (Male) |
| 0:23 | Create | Villager (Male) |
| 0:23 | Create | Villager (Male) |
| 1:06 | Build | Palisade Gate |
| 1:07 | Build | Palisade Wall |
| 1:18 | Build | Palisade Wall |
| 1:23 | Build | Palisade Wall |
| 1:26 | Build | Palisade Wall |
| 1:30 | Build | Palisade Wall |
| 1:31 | Create | Villager (Male) |
| 1:34 | Build | Palisade Wall |
| 1:40 | Build | Palisade Wall |
| 1:41 | Build | Palisade Wall |
| 1:43 | Build | Palisade Wall |
| 1:46 | Create | Villager (Male) |
| 1:47 | Create | Villager (Male) |
| 1:49 | Build | Palisade Wall |
| 1:51 | Build | Palisade Wall |
| 2:16 | Build | Lumber Camp |
| 2:16 | Create | Villager (Male) |
| 2:17 | Create | Villager (Male) |
| 2:51 | Create | Villager (Male) |
| 2:51 | Create | Villager (Male) |
| 3:14 | Create | Villager (Male) |
| 3:14 | Create | Villager (Male) |
| 3:42 | Create | Villager (Male) |
| 3:42 | Create | Villager (Male) |
| 4:01 | Create | Villager (Male) |
| 4:22 | Create | Villager (Male) |
| 4:22 | Create | Villager (Male) |
| 4:28 | Create | Villager (Male) |
| 4:29 | Create | Villager (Male) |
| 4:30 | Build | House |
| 5:19 | Create | Villager (Male) |
| 5:20 | Create | Villager (Male) |
| 5:31 | Build | Mining Camp |
| 6:01 | Create | Villager (Male) |
| 6:20 | Create | Villager (Male) |
| 6:48 | Research | Feudal Age |
| 6:49 | Research | Feudal Age |
| 7:33 | Build | House |
| 8:01 | Build | House |
| 8:32 | Create | Villager (Male) |
| 8:32 | Create | Villager (Male) |
| 8:54 | Create | Villager (Male) |
| 8:58 | Age | Feudal Age |
| 9:02 | Build | Watch Tower |
| 9:28 | Build | Mill |
| 9:42 | Create | Villager (Male) |
| 9:42 | Create | Villager (Male) |
| 10:08 | Create | Villager (Male) |
| 10:09 | Create | Villager (Male) |
| 10:18 | Build | Blacksmith |
| 10:21 | Create | Villager (Male) |
| 10:21 | Create | Villager (Male) |
| 10:46 | Create | Villager (Male) |
| 10:47 | Create | Villager (Male) |
| 10:53 | Build | Mill |
| 11:10 | Create | Villager (Male) |
| 11:10 | Create | Villager (Male) |
| 11:28 | Create | Villager (Male) |
| 11:28 | Create | Villager (Male) |
| 11:33 | Build | House |
| 11:36 | Research | Fletching |
| 11:39 | Research | Double-Bit Axe |
| 12:04 | Build | Palisade Gate |
| 12:08 | Build | Watch Tower |
| 12:18 | Create | Villager (Male) |
| 12:18 | Create | Villager (Male) |
| 12:18 | Create | Villager (Male) |
| 12:39 | Build | Watch Tower |
| 12:42 | Create | Villager (Male) |
| 12:42 | Create | Villager (Male) |
| 12:42 | Create | Villager (Male) |
| 13:01 | Create | Villager (Male) |
| 13:01 | Create | Villager (Male) |
| 13:32 | Create | Villager (Male) |
| 13:32 | Create | Villager (Male) |
| 13:34 | Build | Farm |
| 13:34 | Build | Farm |
| 13:34 | Build | Farm |
| 13:35 | Build | Farm |
| 13:35 | Build | Farm |
| 14:01 | Build | Farm |
| 14:21 | Create | Villager (Male) |
| 14:21 | Create | Villager (Male) |
| 14:24 | Build | Farm |
| 14:36 | Build | Watch Tower |
| 14:50 | Create | Villager (Male) |
| 14:51 | Create | Villager (Male) |
| 14:55 | Build | Farm |
| 15:08 | Create | Villager (Male) |
| 15:18 | Build | House |
| 15:21 | Research | Wheelbarrow |
| 15:22 | Create | Villager (Male) |
| 15:23 | Create | Villager (Male) |
| 15:23 | Create | Villager (Male) |
| 15:24 | Build | Farm |
| 15:26 | Build | Farm |
| 15:39 | Create | Villager (Male) |
| 15:39 | Create | Villager (Male) |
| 15:40 | Build | House |
| 15:49 | Build | Watch Tower |
| 16:13 | Create | Villager (Male) |
| 16:13 | Create | Villager (Male) |
| 16:40 | Create | Villager (Male) |
| 16:40 | Create | Villager (Male) |
| 16:43 | Build | Farm |
| 16:44 | Build | Farm |
| 16:45 | Build | Farm |
| 17:32 | Create | Villager (Male) |
| 17:32 | Create | Villager (Male) |
| 17:47 | Create | Villager (Male) |
| 18:00 | Create | Villager (Male) |
| 18:03 | Build | Mining Camp |
| 18:17 | Build | Outpost |
| 18:20 | Build | Outpost |
| 18:26 | Build | House |
| 18:26 | Build | House |
| 18:45 | Build | Market |
| 18:53 | Build | Farm |
| 19:20 | Build | Outpost |
| 19:30 | Build | House |
| 19:35 | Build | Farm |
| 19:48 | Research | Town Watch |
| 19:48 | Research | Town Watch |
| 19:57 | Build | Outpost |
| 20:04 | Research | Castle Age |
| 20:04 | Research | Castle Age |
| 20:34 | Build | House |
| 20:44 | Build | Stone Wall |
| 20:48 | Build | Stone Wall |
| 20:54 | Build | Stone Wall |
| 21:24 | Build | Stone Wall |
| 21:56 | Build | House |
| 21:58 | Create | Villager (Male) |
| 22:18 | Create | Villager (Male) |
| 23:02 | Age | Castle Age |
| 23:09 | Create | Villager (Male) |
| 23:10 | Build | Stone Wall |
| 23:15 | Create | Villager (Male) |
| 23:15 | Create | Villager (Male) |
| 23:23 | Build | Castle |
| 23:33 | Build | Town Center |
| 23:37 | Research | Bow Saw |
| 23:40 | Research | Horse Collar |
| 23:56 | Research | Bodkin Arrow |
Build order — theMole
First 150 of 655 actions detected
| 0:01 | Create | Villager (Male) |
| 0:01 | Create | Villager (Male) |
| 0:01 | Create | Villager (Male) |
| 0:02 | Build | House |
| 0:03 | Build | House |
| 0:03 | Create | Villager (Male) |
| 1:24 | Create | Villager (Male) |
| 1:24 | Create | Villager (Male) |
| 1:43 | Create | Villager (Male) |
| 1:48 | Build | Lumber Camp |
| 2:14 | Create | Villager (Male) |
| 2:14 | Create | Villager (Male) |
| 2:47 | Create | Villager (Male) |
| 3:03 | Create | Villager (Male) |
| 3:35 | Create | Villager (Male) |
| 3:35 | Create | Villager (Male) |
| 3:56 | Build | House |
| 3:57 | Build | House |
| 4:02 | Create | Villager (Male) |
| 4:02 | Create | Villager (Male) |
| 4:16 | Build | Mill |
| 4:18 | Create | Villager (Male) |
| 4:40 | Create | Villager (Male) |
| 4:56 | Create | Villager (Male) |
| 5:10 | Create | Villager (Male) |
| 5:43 | Create | Villager (Male) |
| 5:55 | Create | Villager (Male) |
| 6:24 | Create | Villager (Male) |
| 6:43 | Build | Farm |
| 7:09 | Create | Villager (Male) |
| 7:10 | Build | Farm |
| 7:48 | Build | Farm |
| 7:51 | Create | Villager (Male) |
| 8:06 | Build | Mining Camp |
| 8:18 | Research | Feudal Age |
| 8:46 | Build | Palisade Wall |
| 8:50 | Research | Loom |
| 8:50 | Create | Villager (Male) |
| 9:16 | Build | Palisade Wall |
| 10:04 | Build | House |
| 10:32 | Age | Feudal Age |
| 10:44 | Build | Stone Wall |
| 10:49 | Build | Watch Tower |
| 11:05 | Build | Stone Wall |
| 11:07 | Build | Stone Wall |
| 11:26 | Create | Villager (Male) |
| 11:29 | Build | Market |
| 11:32 | Build | Blacksmith |
| 11:46 | Build | Stone Wall |
| 12:40 | Build | Stone Wall |
| 12:57 | Research | Castle Age |
| 13:09 | Build | Mining Camp |
| 13:34 | Research | Double-Bit Axe |
| 13:35 | Create | Villager (Male) |
| 13:51 | Build | Stone Wall |
| 14:43 | Research | Fletching |
| 14:43 | Research | Fletching |
| 15:37 | Age | Castle Age |
| 15:59 | Build | Castle |
| 17:39 | Create | Villager (Male) |
| 17:55 | Create | Throwing Axeman |
| 18:31 | Build | Farm |
| 18:31 | Build | Farm |
| 19:02 | Build | Farm |
| 19:29 | Create | Petard |
| 19:31 | Build | Farm |
| 19:52 | Create | Villager (Male) |
| 19:53 | Create | Villager (Male) |
| 20:06 | Build | Farm |
| 20:07 | Build | Farm |
| 20:36 | Create | Throwing Axeman |
| 20:45 | Build | Farm |
| 20:49 | Build | Farm |
| 21:02 | Create | Villager (Male) |
| 21:20 | Create | Petard |
| 21:34 | Build | Farm |
| 21:35 | Build | Farm |
| 21:41 | Create | Villager (Male) |
| 21:41 | Create | Villager (Male) |
| 21:56 | Create | Villager (Male) |
| 22:18 | Build | Farm |
| 22:24 | Create | Villager (Male) |
| 22:30 | Create | Villager (Male) |
| 22:41 | Create | Throwing Axeman |
| 22:53 | Create | Villager (Male) |
| 23:03 | Create | Throwing Axeman |
| 23:12 | Create | Villager (Male) |
| 23:45 | Create | Villager (Male) |
| 23:49 | Build | Town Center |
| 23:58 | Create | Throwing Axeman |
| 24:03 | Create | Villager (Male) |
| 24:18 | Build | Farm |
| 24:21 | Create | Villager (Male) |
| 24:48 | Research | Bow Saw |
| 25:02 | Create | Villager (Male) |
| 25:08 | Build | Farm |
| 25:25 | Create | Villager (Male) |
| 25:29 | Build | Stone Wall |
| 25:34 | Create | Villager (Male) |
| 25:37 | Build | Farm |
| 25:45 | Create | Villager (Male) |
| 26:02 | Create | Villager (Male) |
| 26:13 | Create | Villager (Male) |
| 26:13 | Create | Villager (Male) |
| 26:18 | Build | Gate |
| 26:22 | Build | Stone Wall |
| 26:23 | Create | Villager (Male) |
| 26:42 | Create | Villager (Male) |
| 26:42 | Create | Villager (Male) |
| 26:46 | Build | Town Center |
| 27:07 | Create | Villager (Male) |
| 27:08 | Create | Villager (Male) |
| 27:38 | Create | Villager (Male) |
| 27:38 | Create | Villager (Male) |
| 27:49 | Create | Villager (Male) |
| 27:58 | Build | Town Center |
| 27:59 | Research | Wheelbarrow |
| 28:00 | Research | Wheelbarrow |
| 28:13 | Create | Villager (Male) |
| 28:17 | Build | Farm |
| 28:18 | Build | Farm |
| 28:19 | Create | Villager (Male) |
| 28:27 | Build | Farm |
| 28:32 | Create | Villager (Male) |
| 28:32 | Create | Villager (Male) |
| 28:33 | Create | Villager (Male) |
| 28:44 | Build | Farm |
| 28:45 | Create | Villager (Male) |
| 28:45 | Create | Villager (Male) |
| 28:56 | Create | Villager (Male) |
| 28:59 | Build | Farm |
| 29:04 | Build | Farm |
| 29:13 | Create | Villager (Male) |
| 29:19 | Create | Villager (Male) |
| 29:20 | Create | Villager (Male) |
| 29:35 | Build | Town Center |
| 29:37 | Create | Villager (Male) |
| 29:40 | Build | Farm |
| 29:41 | Create | Villager (Male) |
| 29:48 | Build | Farm |
| 30:02 | Create | Villager (Male) |
| 30:09 | Create | Villager (Male) |
| 30:09 | Create | Villager (Male) |
| 30:11 | Create | Villager (Male) |
| 30:12 | Create | Villager (Male) |
| 30:14 | Build | Farm |
| 30:15 | Build | Farm |
| 30:16 | Build | Farm |
| 30:19 | Create | Villager (Male) |
| 30:29 | Build | Farm |
Build order — knightthrower
First 150 of 964 actions detected
| 0:01 | Create | Villager (Male) |
| 0:01 | Create | Villager (Male) |
| 0:02 | Create | Villager (Male) |
| 0:02 | Build | House |
| 0:04 | Build | House |
| 0:09 | Create | Villager (Male) |
| 0:09 | Create | Villager (Male) |
| 0:09 | Create | Villager (Male) |
| 1:01 | Build | Palisade Wall |
| 1:04 | Build | Palisade Wall |
| 1:08 | Build | Palisade Wall |
| 1:09 | Build | Palisade Wall |
| 1:13 | Build | Palisade Wall |
| 1:23 | Build | Palisade Wall |
| 1:25 | Build | Palisade Wall |
| 1:29 | Create | Villager (Male) |
| 1:33 | Build | Palisade Wall |
| 1:40 | Build | Palisade Gate |
| 2:04 | Build | Palisade Wall |
| 2:05 | Create | Villager (Male) |
| 2:05 | Create | Villager (Male) |
| 2:09 | Build | Lumber Camp |
| 2:13 | Build | Palisade Wall |
| 2:14 | Build | Palisade Wall |
| 2:16 | Build | Palisade Wall |
| 2:29 | Create | Villager (Male) |
| 2:29 | Create | Villager (Male) |
| 2:30 | Create | Villager (Male) |
| 2:54 | Create | Villager (Male) |
| 2:54 | Create | Villager (Male) |
| 3:21 | Create | Villager (Male) |
| 3:21 | Create | Villager (Male) |
| 3:21 | Create | Villager (Male) |
| 3:47 | Create | Villager (Male) |
| 3:47 | Create | Villager (Male) |
| 3:50 | Build | House |
| 4:12 | Create | Villager (Male) |
| 4:12 | Create | Villager (Male) |
| 4:12 | Create | Villager (Male) |
| 4:20 | Build | Mill |
| 4:34 | Build | House |
| 4:37 | Create | Villager (Male) |
| 4:38 | Create | Villager (Male) |
| 4:57 | Build | Palisade Wall |
| 5:05 | Create | Villager (Male) |
| 5:06 | Create | Villager (Male) |
| 5:12 | Create | Villager (Male) |
| 5:12 | Create | Villager (Male) |
| 5:38 | Build | House |
| 5:38 | Create | Villager (Male) |
| 5:39 | Create | Villager (Male) |
| 5:59 | Create | Villager (Male) |
| 5:59 | Create | Villager (Male) |
| 6:35 | Build | Mining Camp |
| 6:44 | Create | Villager (Male) |
| 6:45 | Create | Villager (Male) |
| 6:45 | Create | Villager (Male) |
| 6:51 | Create | Villager (Male) |
| 7:57 | Create | Villager (Male) |
| 8:28 | Create | Villager (Male) |
| 8:34 | Research | Feudal Age |
| 10:31 | Build | Farm |
| 10:33 | Build | Farm |
| 10:39 | Create | Villager (Male) |
| 10:44 | Age | Feudal Age |
| 10:47 | Build | Market |
| 10:47 | Create | Villager (Male) |
| 10:53 | Build | Blacksmith |
| 11:12 | Create | Villager (Male) |
| 12:02 | Research | Castle Age |
| 12:03 | Research | Castle Age |
| 12:17 | Research | Double-Bit Axe |
| 12:18 | Research | Double-Bit Axe |
| 12:51 | Build | House |
| 12:52 | Build | House |
| 12:56 | Build | Farm |
| 12:58 | Build | Farm |
| 13:04 | Research | Horse Collar |
| 13:04 | Research | Horse Collar |
| 14:25 | Create | Villager (Male) |
| 14:42 | Age | Castle Age |
| 14:45 | Build | Town Center |
| 14:46 | Create | Villager (Male) |
| 14:48 | Build | Town Center |
| 15:06 | Research | Bow Saw |
| 15:30 | Create | Villager (Male) |
| 15:36 | Build | Farm |
| 15:51 | Build | Farm |
| 15:54 | Build | Farm |
| 16:03 | Build | Farm |
| 16:05 | Build | Farm |
| 16:06 | Create | Villager (Male) |
| 16:11 | Create | Villager (Male) |
| 16:11 | Create | Villager (Male) |
| 16:11 | Create | Villager (Male) |
| 16:14 | Build | Farm |
| 16:22 | Build | Farm |
| 16:23 | Create | Villager (Male) |
| 16:23 | Create | Villager (Male) |
| 16:42 | Build | Farm |
| 16:55 | Create | Villager (Male) |
| 16:55 | Create | Villager (Male) |
| 16:56 | Create | Villager (Male) |
| 16:59 | Create | Villager (Male) |
| 17:00 | Create | Villager (Male) |
| 17:00 | Create | Villager (Male) |
| 17:00 | Create | Villager (Male) |
| 17:04 | Build | Farm |
| 17:10 | Build | Farm |
| 17:14 | Build | Farm |
| 17:16 | Create | Villager (Male) |
| 17:16 | Create | Villager (Male) |
| 17:16 | Create | Villager (Male) |
| 17:27 | Create | Villager (Male) |
| 17:28 | Create | Villager (Male) |
| 17:33 | Build | Farm |
| 17:39 | Create | Villager (Male) |
| 17:39 | Create | Villager (Male) |
| 17:42 | Build | Farm |
| 17:44 | Build | Farm |
| 17:49 | Create | Villager (Male) |
| 17:49 | Create | Villager (Male) |
| 17:58 | Create | Villager (Male) |
| 17:59 | Create | Villager (Male) |
| 18:04 | Build | Farm |
| 18:11 | Create | Villager (Male) |
| 18:11 | Create | Villager (Male) |
| 18:17 | Build | Farm |
| 18:17 | Create | Villager (Male) |
| 18:18 | Create | Villager (Male) |
| 18:18 | Create | Villager (Male) |
| 18:19 | Build | Farm |
| 18:29 | Create | Villager (Male) |
| 18:30 | Create | Villager (Male) |
| 18:30 | Create | Villager (Male) |
| 18:31 | Create | Villager (Male) |
| 18:32 | Create | Villager (Male) |
| 18:34 | Build | Farm |
| 18:43 | Build | House |
| 18:44 | Build | House |
| 18:45 | Create | Villager (Male) |
| 18:45 | Create | Villager (Male) |
| 18:51 | Create | Villager (Male) |
| 18:52 | Create | Villager (Male) |
| 18:54 | Build | House |
| 19:05 | Create | Villager (Male) |
| 19:05 | Create | Villager (Male) |
| 19:06 | Create | Villager (Male) |
| 19:11 | Create | Villager (Male) |
| 19:11 | Create | Villager (Male) |
Build order — Koala
First 150 of 1247 actions detected
| 0:01 | Create | Villager (Male) |
| 0:02 | Build | House |
| 0:02 | Create | Villager (Male) |
| 0:03 | Build | House |
| 0:04 | Create | Villager (Male) |
| 0:05 | Create | Villager (Male) |
| 1:34 | Create | Villager (Male) |
| 2:03 | Create | Villager (Male) |
| 2:05 | Create | Villager (Male) |
| 2:48 | Create | Villager (Male) |
| 3:06 | Create | Villager (Male) |
| 3:32 | Create | Villager (Male) |
| 3:52 | Build | House |
| 3:53 | Build | House |
| 3:54 | Build | House |
| 3:57 | Create | Villager (Male) |
| 4:01 | Build | House |
| 4:02 | Build | House |
| 4:21 | Create | Villager (Male) |
| 4:39 | Build | Mule Cart |
| 4:56 | Create | Villager (Male) |
| 4:56 | Create | Villager (Male) |
| 5:23 | Create | Villager (Male) |
| 5:32 | Build | Mill |
| 5:46 | Create | Villager (Male) |
| 6:19 | Create | Villager (Male) |
| 6:49 | Create | Villager (Male) |
| 7:15 | Create | Villager (Male) |
| 7:16 | Build | Mule Cart |
| 7:51 | Create | Villager (Male) |
| 8:10 | Create | Villager (Male) |
| 8:12 | Build | Farm |
| 8:14 | Build | Farm |
| 8:33 | Build | Farm |
| 8:41 | Create | Villager (Male) |
| 8:53 | Build | Farm |
| 9:11 | Create | Villager (Male) |
| 9:18 | Research | Feudal Age |
| 10:26 | Build | House |
| 10:27 | Build | House |
| 10:35 | Create | Villager (Male) |
| 10:38 | Build | Farm |
| 10:40 | Build | Farm |
| 11:35 | Create | Villager (Male) |
| 11:37 | Create | Villager (Male) |
| 11:46 | Age | Feudal Age |
| 11:48 | Build | Market |
| 11:51 | Build | Blacksmith |
| 12:30 | Research | Double-Bit Axe |
| 12:33 | Research | Horse Collar |
| 12:39 | Research | Castle Age |
| 12:39 | Research | Castle Age |
| 12:46 | Build | Farm |
| 12:48 | Build | Farm |
| 14:47 | Create | Villager (Male) |
| 15:04 | Create | Villager (Male) |
| 15:19 | Age | Castle Age |
| 15:21 | Build | Town Center |
| 15:23 | Build | Town Center |
| 15:24 | Create | Villager (Male) |
| 15:26 | Build | Town Center |
| 15:32 | Research | Bow Saw |
| 15:34 | Create | Villager (Male) |
| 16:06 | Create | Villager (Male) |
| 16:25 | Create | Villager (Male) |
| 16:37 | Research | Heavy Plow |
| 16:37 | Research | Heavy Plow |
| 16:39 | Create | Villager (Male) |
| 16:39 | Create | Villager (Male) |
| 16:40 | Create | Villager (Male) |
| 16:41 | Create | Villager (Male) |
| 16:43 | Build | Farm |
| 16:44 | Create | Villager (Male) |
| 16:48 | Create | Villager (Male) |
| 16:52 | Create | Villager (Male) |
| 16:56 | Build | Farm |
| 17:02 | Build | Farm |
| 17:03 | Create | Villager (Male) |
| 17:03 | Create | Villager (Male) |
| 17:07 | Build | Farm |
| 17:14 | Create | Villager (Male) |
| 17:15 | Build | Farm |
| 17:23 | Build | Farm |
| 17:31 | Build | Farm |
| 17:32 | Create | Villager (Male) |
| 17:33 | Build | Farm |
| 17:40 | Build | Farm |
| 17:43 | Create | Villager (Male) |
| 17:49 | Build | Farm |
| 17:53 | Build | Farm |
| 17:59 | Build | Farm |
| 18:00 | Create | Villager (Male) |
| 18:00 | Create | Villager (Male) |
| 18:00 | Create | Villager (Male) |
| 18:06 | Build | Farm |
| 18:10 | Create | Villager (Male) |
| 18:23 | Create | Villager (Male) |
| 18:26 | Build | Farm |
| 18:27 | Build | Farm |
| 18:28 | Build | Farm |
| 18:29 | Build | Farm |
| 18:30 | Create | Villager (Male) |
| 18:34 | Build | Farm |
| 18:36 | Build | Farm |
| 18:37 | Create | Villager (Male) |
| 18:37 | Create | Villager (Male) |
| 18:39 | Build | Farm |
| 18:43 | Create | Villager (Male) |
| 18:43 | Create | Villager (Male) |
| 18:46 | Build | Farm |
| 18:50 | Build | Farm |
| 18:51 | Create | Villager (Male) |
| 18:55 | Build | Farm |
| 18:58 | Build | Farm |
| 19:03 | Create | Villager (Male) |
| 19:03 | Create | Villager (Male) |
| 19:09 | Create | Villager (Male) |
| 19:09 | Create | Villager (Male) |
| 19:11 | Build | Farm |
| 19:14 | Create | Villager (Male) |
| 19:15 | Build | Farm |
| 19:18 | Build | Farm |
| 19:19 | Create | Villager (Male) |
| 19:19 | Create | Villager (Male) |
| 19:20 | Build | Farm |
| 19:26 | Build | House |
| 19:28 | Create | Villager (Male) |
| 19:30 | Build | House |
| 19:31 | Build | House |
| 19:32 | Build | House |
| 19:40 | Build | Farm |
| 19:41 | Research | Wheelbarrow |
| 19:41 | Research | Wheelbarrow |
| 19:43 | Create | Villager (Male) |
| 19:45 | Create | Villager (Male) |
| 19:50 | Build | Farm |
| 19:50 | Create | Villager (Male) |
| 19:53 | Build | Farm |
| 19:56 | Build | Farm |
| 20:00 | Build | Farm |
| 20:01 | Create | Villager (Male) |
| 20:02 | Create | Villager (Male) |
| 20:07 | Build | House |
| 20:07 | Build | House |
| 20:08 | Create | Villager (Male) |
| 20:12 | Create | Villager (Male) |
| 20:16 | Create | Villager (Male) |
| 20:16 | Create | Villager (Male) |
| 20:19 | Create | Villager (Male) |
| 20:20 | Create | Villager (Male) |
Match timeline
| 1:01 | knightthrower · wall_segment Palisade Wall x1 |
| 1:04 | knightthrower · wall_segment Palisade Wall x1 |
| 1:07 | DGHIR | chanchilaru · wall_segment Palisade Wall x1 |
| 1:08 | knightthrower · wall_segment Palisade Wall x1 |
| 1:09 | knightthrower · wall_segment Palisade Wall x1 |
| 1:13 | knightthrower · wall_segment Palisade Wall x1 |
| 1:18 | DGHIR | chanchilaru · wall_segment Palisade Wall x1 |
| 1:23 | DGHIR | chanchilaru · wall_segment Palisade Wall x1 |
| 1:23 | knightthrower · wall_segment Palisade Wall x1 |
| 1:25 | knightthrower · wall_segment Palisade Wall x1 |
| 1:26 | DGHIR | chanchilaru · wall_segment Palisade Wall x1 |
| 1:30 | DGHIR | chanchilaru · wall_segment Palisade Wall x1 |
| 1:33 | knightthrower · wall_segment Palisade Wall x1 |
| 1:34 | DGHIR | chanchilaru · wall_segment Palisade Wall x1 |
| 1:40 | DGHIR | chanchilaru · wall_segment Palisade Wall x1 |
| 1:41 | DGHIR | chanchilaru · wall_segment Palisade Wall x1 |
| 1:43 | DGHIR | chanchilaru · wall_segment Palisade Wall x1 |
| 1:49 | DGHIR | chanchilaru · wall_segment Palisade Wall x1 |
| 1:51 | DGHIR | chanchilaru · wall_segment Palisade Wall x1 |
| 2:04 | knightthrower · wall_segment Palisade Wall x1 |
| 2:13 | knightthrower · wall_segment Palisade Wall x1 |
| 2:14 | knightthrower · wall_segment Palisade Wall x1 |
| 2:16 | knightthrower · wall_segment Palisade Wall x1 |
| 4:57 | knightthrower · wall_segment Palisade Wall x1 |
| 8:46 | theMole · wall_segment Palisade Wall x9 |
| 8:58 | DGHIR | chanchilaru · age_up feudal |
| 9:16 | theMole · wall_segment Palisade Wall x2 |
| 10:32 | theMole · age_up feudal |
| 10:44 | theMole · wall_segment Stone Wall x1 |
| 10:44 | knightthrower · age_up feudal |
| 10:57 | DGHIR | Prato · age_up feudal |
| 10:59 | Aten · age_up feudal |
| 11:05 | theMole · wall_segment Stone Wall x1 |
| 11:07 | theMole · wall_segment Stone Wall x1 |
| 11:31 | DGHIR | Anakin · age_up feudal |
| 11:46 | theMole · wall_segment Stone Wall x1 |
| 11:46 | Koala · age_up feudal |
| 11:49 | knightthrower · first_market_buy 100 food |
| 11:49 | DanMT · age_up feudal |
| 11:54 | knightthrower · first_market_sell 100 wood |
| 12:40 | theMole · wall_segment Stone Wall x1 |
| 13:51 | theMole · wall_segment Stone Wall x6 |
| 14:13 | DGHIR | Anakin · age_up castle |
| 14:30 | theMole · first_market_sell 100 food |
| 14:32 | theMole · first_market_buy 100 stone |
| 14:40 | DGHIR | Prato · age_up castle |
| 14:42 | knightthrower · age_up castle |
| 15:07 | Aten · age_up castle |
| 15:19 | Koala · age_up castle |
| 15:19 | Aten · first_market_buy 100 wood |
| 15:20 | DanMT · age_up castle |
| 15:30 | DanMT · first_building Monastery |
| 15:37 | theMole · age_up castle |
| 15:59 | theMole · first_building Castle |
| 16:06 | DGHIR | Prato · first_building Monastery |
| 18:24 | DGHIR | Prato · first_market_buy 100 food |
| 20:16 | Aten · first_building Monastery |
| 20:27 | Koala · first_building Monastery |
| 20:44 | DGHIR | chanchilaru · wall_segment Stone Wall x11 |
| 20:48 | DGHIR | chanchilaru · wall_segment Stone Wall x8 |
| 20:54 | DGHIR | chanchilaru · wall_segment Stone Wall x1 |
| 21:24 | DGHIR | chanchilaru · wall_segment Stone Wall x3 |
| 21:28 | DanMT · first_market_buy 100 food |
| 22:24 | knightthrower · first_building Monastery |
| 23:02 | DGHIR | chanchilaru · age_up castle |
| 23:10 | DGHIR | chanchilaru · wall_segment Stone Wall x1 |
| 23:23 | DGHIR | chanchilaru · first_building Castle |
| 23:30 | knightthrower · first_building Barracks |
| 23:32 | Aten · first_market_sell 100 food |
| 24:09 | DanMT · first_building Barracks |
| 24:09 | Koala · first_market_sell 100 food |
| 24:16 | DGHIR | Prato · first_market_sell 100 food |
| 24:43 | DGHIR | Prato · first_building Barracks |
| 24:45 | DanMT · first_market_sell 100 wood |
| 24:57 | DanMT · first_building Castle |
| 25:00 | Aten · first_building Castle |
| 25:15 | Koala · first_building Barracks |
| 25:20 | DGHIR | Prato · first_building Castle |
| 25:23 | DGHIR | Anakin · first_building Stable |
| 25:29 | theMole · wall_segment Stone Wall x1 |
| 25:29 | Aten · first_building Siege Workshop |
| 25:31 | DGHIR | Anakin · first_building Barracks |
| 25:40 | DanMT · first_building Siege Workshop |
| 25:42 | Koala · first_market_buy 100 stone |
| 25:47 | Koala · first_building Castle |
| 25:55 | DGHIR | Anakin · first_market_buy 100 stone |
| 25:55 | Koala · first_building Stable |
| 25:58 | DGHIR | Anakin · first_building Castle |
| 26:12 | knightthrower · first_building Castle |
| 26:17 | DGHIR | Prato · first_building Archery Range |
| 26:18 | DGHIR | Prato · first_building Stable |
| 26:22 | theMole · wall_segment Stone Wall x1 |
| 26:28 | knightthrower · first_building Siege Workshop |
| 26:32 | DGHIR | chanchilaru · wall_segment Stone Wall x3 |
| 26:55 | knightthrower · age_up imperial |
| 26:58 | Aten · age_up imperial |
| 27:33 | DGHIR | Anakin · age_up imperial |
| 27:53 | Koala · age_up imperial |
| 27:54 | DGHIR | Prato · age_up imperial |
| 28:01 | DanMT · age_up imperial |
| 28:03 | DGHIR | Prato · first_building Siege Workshop |
| 28:41 | DGHIR | chanchilaru · first_market_buy 100 stone |
| 28:45 | DanMT · wall_segment Stone Wall x32 |
| 29:01 | Koala · first_building Siege Workshop |
| 31:30 | DGHIR | Anakin · first_market_sell 100 wood |
| 33:00 | Koala · tribute_sent a jugador 1 |
| 33:00 | Koala · tribute_sent a jugador 2 |
| 33:00 | Koala · tribute_sent a jugador 3 |
| 33:00 | Koala · tribute_sent a jugador 4 |
| 33:00 | Koala · tribute_sent a jugador 5 |
| 33:00 | Koala · tribute_sent a jugador 6 |
| 33:00 | Koala · tribute_sent a jugador 7 |
| 34:30 | Koala · tribute_sent a jugador 1 |
| 34:30 | Koala · tribute_sent a jugador 2 |
| 34:30 | Koala · tribute_sent a jugador 3 |
| 34:30 | Koala · tribute_sent a jugador 4 |
| 34:30 | Koala · tribute_sent a jugador 5 |
| 34:30 | Koala · tribute_sent a jugador 6 |
| 34:30 | Koala · tribute_sent a jugador 7 |
| 34:42 | theMole · wall_segment Stone Wall x1 |
| 35:07 | theMole · wall_segment Stone Wall x1 |
| 35:23 | theMole · first_building Barracks |
| 35:29 | DGHIR | chanchilaru · first_building Barracks |
| 35:31 | DGHIR | Prato · wall_segment Stone Wall x4 |
| 35:31 | theMole · wall_segment Stone Wall x5 |
| 35:35 | Koala · tribute_sent a jugador 1 |
| 35:35 | Koala · tribute_sent a jugador 2 |
| 35:35 | Koala · tribute_sent a jugador 3 |
| 35:35 | Koala · tribute_sent a jugador 4 |
| 35:35 | Koala · tribute_sent a jugador 5 |
| 35:35 | Koala · tribute_sent a jugador 6 |
| 35:35 | Koala · tribute_sent a jugador 7 |
| 35:37 | theMole · wall_segment Stone Wall x10 |
| 36:15 | DGHIR | Prato · wall_segment Stone Wall x4 |
| 36:24 | theMole · first_building Stable |
| 36:40 | DGHIR | chanchilaru · age_up imperial |
| 36:41 | DGHIR | Anakin · tribute_sent a jugador 1 |
| 36:41 | DGHIR | Anakin · tribute_sent a jugador 3 |
| 36:41 | DGHIR | Anakin · tribute_sent a jugador 4 |
| 36:41 | DGHIR | Anakin · tribute_sent a jugador 5 |
| 36:41 | DGHIR | Anakin · tribute_sent a jugador 6 |
| 36:41 | DGHIR | Anakin · tribute_sent a jugador 7 |
| 36:41 | DGHIR | Anakin · tribute_sent a jugador 8 |
| 36:53 | Koala · tribute_sent a jugador 1 |
| 36:53 | Koala · tribute_sent a jugador 2 |
| 36:53 | Koala · tribute_sent a jugador 3 |
| 36:53 | Koala · tribute_sent a jugador 4 |
| 36:53 | Koala · tribute_sent a jugador 5 |
| 36:53 | Koala · tribute_sent a jugador 6 |
| 36:53 | Koala · tribute_sent a jugador 7 |
| 38:18 | DGHIR | chanchilaru · first_building Siege Workshop |
| 38:24 | Aten · first_building Barracks |
| 38:25 | theMole · age_up imperial |
| 38:40 | DGHIR | chanchilaru · first_building Archery Range |
| 39:59 | Aten · first_building Archery Range |
| 40:04 | DGHIR | Anakin · tribute_sent a jugador 1 |
| 40:04 | DGHIR | Anakin · tribute_sent a jugador 3 |
| 40:04 | DGHIR | Anakin · tribute_sent a jugador 4 |
| 40:04 | DGHIR | Anakin · tribute_sent a jugador 5 |
| 40:04 | DGHIR | Anakin · tribute_sent a jugador 6 |
| 40:04 | DGHIR | Anakin · tribute_sent a jugador 7 |
| 40:04 | DGHIR | Anakin · tribute_sent a jugador 8 |
| 41:20 | DGHIR | Anakin · tribute_sent a jugador 1 |
| 41:20 | DGHIR | Anakin · tribute_sent a jugador 3 |
| 41:20 | DGHIR | Anakin · tribute_sent a jugador 4 |
| 41:20 | DGHIR | Anakin · tribute_sent a jugador 5 |
| 41:20 | DGHIR | Anakin · tribute_sent a jugador 6 |
| 41:20 | DGHIR | Anakin · tribute_sent a jugador 7 |
| 41:20 | DGHIR | Anakin · tribute_sent a jugador 8 |
| 43:01 | Aten · wall_segment Stone Wall x1 |
| 45:11 | Koala · wall_segment Stone Wall x23 |
| 45:12 | DGHIR | Anakin · tribute_sent a jugador 1 |
| 45:12 | DGHIR | Anakin · tribute_sent a jugador 3 |
| 45:12 | DGHIR | Anakin · tribute_sent a jugador 4 |
| 45:12 | DGHIR | Anakin · tribute_sent a jugador 5 |
| 45:12 | DGHIR | Anakin · tribute_sent a jugador 6 |
| 45:12 | DGHIR | Anakin · tribute_sent a jugador 7 |
| 45:12 | DGHIR | Anakin · tribute_sent a jugador 8 |
| 45:15 | Koala · wall_segment Stone Wall x12 |
| 45:16 | Koala · wall_segment Stone Wall x10 |
| 45:20 | Koala · wall_segment Stone Wall x17 |
| 45:41 | theMole · wall_segment Stone Wall x1 |
| 46:44 | DGHIR | Anakin · tribute_sent a jugador 1 |
| 46:44 | DGHIR | Anakin · tribute_sent a jugador 3 |
| 46:44 | DGHIR | Anakin · tribute_sent a jugador 4 |
| 46:44 | DGHIR | Anakin · tribute_sent a jugador 5 |
| 46:44 | DGHIR | Anakin · tribute_sent a jugador 6 |
| 46:44 | DGHIR | Anakin · tribute_sent a jugador 7 |
| 46:44 | DGHIR | Anakin · tribute_sent a jugador 8 |
| 49:30 | DGHIR | Anakin · tribute_sent a jugador 1 |
| 49:30 | DGHIR | Anakin · tribute_sent a jugador 3 |
| 49:30 | DGHIR | Anakin · tribute_sent a jugador 4 |
| 49:30 | DGHIR | Anakin · tribute_sent a jugador 5 |
| 49:30 | DGHIR | Anakin · tribute_sent a jugador 6 |
| 49:30 | DGHIR | Anakin · tribute_sent a jugador 7 |
| 49:30 | DGHIR | Anakin · tribute_sent a jugador 8 |
| 50:27 | DGHIR | Prato · wall_segment Stone Wall x17 |
| 51:01 | DGHIR | Prato · wall_segment Stone Wall x6 |
| 51:17 | DGHIR | Anakin · tribute_sent a jugador 1 |
| 51:17 | DGHIR | Anakin · tribute_sent a jugador 3 |
| 51:17 | DGHIR | Anakin · tribute_sent a jugador 4 |
| 51:17 | DGHIR | Anakin · tribute_sent a jugador 5 |
| 51:17 | DGHIR | Anakin · tribute_sent a jugador 6 |
| 51:17 | DGHIR | Anakin · tribute_sent a jugador 7 |
| 51:17 | DGHIR | Anakin · tribute_sent a jugador 8 |
| 52:22 | DGHIR | chanchilaru · first_market_sell 100 food |
| 52:50 | DanMT · wall_segment Stone Wall x1 |
| 53:39 | Aten · first_building Stable |
| 55:12 | DanMT · tribute_sent a jugador 2 |
| 55:12 | DanMT · tribute_sent a jugador 3 |
| 55:12 | DanMT · tribute_sent a jugador 4 |
| 55:12 | DanMT · tribute_sent a jugador 5 |
| 55:12 | DanMT · tribute_sent a jugador 6 |
| 55:12 | DanMT · tribute_sent a jugador 7 |
| 55:12 | DanMT · tribute_sent a jugador 8 |
| 55:20 | DGHIR | Anakin · tribute_sent a jugador 1 |
| 55:20 | DGHIR | Anakin · tribute_sent a jugador 3 |
| 55:20 | DGHIR | Anakin · tribute_sent a jugador 4 |
| 55:20 | DGHIR | Anakin · tribute_sent a jugador 5 |
| 55:20 | DGHIR | Anakin · tribute_sent a jugador 6 |
| 55:20 | DGHIR | Anakin · tribute_sent a jugador 7 |
| 55:20 | DGHIR | Anakin · tribute_sent a jugador 8 |
| 56:29 | DGHIR | Prato · wall_segment Stone Wall x9 |
| 56:41 | DanMT · wall_segment Stone Wall x7 |
| 56:49 | DGHIR | Anakin · tribute_sent a jugador 1 |
| 56:49 | DGHIR | Anakin · tribute_sent a jugador 3 |
| 56:49 | DGHIR | Anakin · tribute_sent a jugador 4 |
| 56:49 | DGHIR | Anakin · tribute_sent a jugador 5 |
| 56:49 | DGHIR | Anakin · tribute_sent a jugador 6 |
| 56:49 | DGHIR | Anakin · tribute_sent a jugador 7 |
| 56:49 | DGHIR | Anakin · tribute_sent a jugador 8 |
| 57:31 | Koala · tribute_sent a jugador 1 |
| 57:31 | Koala · tribute_sent a jugador 2 |
| 57:31 | Koala · tribute_sent a jugador 3 |
| 57:31 | Koala · tribute_sent a jugador 4 |
| 57:31 | Koala · tribute_sent a jugador 5 |
| 57:31 | Koala · tribute_sent a jugador 6 |
| 57:31 | Koala · tribute_sent a jugador 7 |
| 57:32 | DGHIR | Anakin · tribute_sent a jugador 1 |
| 57:32 | DGHIR | Anakin · tribute_sent a jugador 3 |
| 57:32 | DGHIR | Anakin · tribute_sent a jugador 4 |
| 57:32 | DGHIR | Anakin · tribute_sent a jugador 5 |
| 57:32 | DGHIR | Anakin · tribute_sent a jugador 6 |
| 57:32 | DGHIR | Anakin · tribute_sent a jugador 7 |
| 57:32 | DGHIR | Anakin · tribute_sent a jugador 8 |
| 59:18 | DGHIR | Prato · wall_segment Stone Wall x2 |
| 59:21 | knightthrower · resign |
| 59:24 | DGHIR | Anakin · tribute_sent a jugador 1 |
| 59:24 | DGHIR | Anakin · tribute_sent a jugador 3 |
| 59:24 | DGHIR | Anakin · tribute_sent a jugador 4 |
| 59:24 | DGHIR | Anakin · tribute_sent a jugador 5 |
| 59:24 | DGHIR | Anakin · tribute_sent a jugador 6 |
| 59:24 | DGHIR | Anakin · tribute_sent a jugador 7 |
| 59:24 | DGHIR | Anakin · tribute_sent a jugador 8 |
[ AI ANALYSIS · 1 CREDIT ]
What really happened in this match?
Wolo.gg analyzes every decision: build order, eco, micro, common mistakes by bracket. Personalized analysis on WhatsApp or Discord in 30 seconds.
Civ guide
Berbers
Perfil
Jugador #4493804